 Dungeon Crawl Stone Soup version 0.23.2-1-ga50397a6bc (webtiles) character file.

Game seed: 14531151301434581287

249 Freyura the Covered (level 6, -1/57 HPs)
             Began as a Gargoyle Fighter on Apr 21, 2019.
             Slain by a gnoll (3 damage)
             ... on level 3 of the Dungeon.
             The game lasted 00:08:56 (2038 turns).

Freyura the Covered (Gargoyle Fighter)              Turns: 2038, Time: 00:08:57

Health: -1/57      AC: 23    Str: 22 (25) XL:     6   Next: 12%
Magic:  6/6        EV:  2    Int:  7 (8)  God:
Gold:   134        SH:  9    Dex: 10 (11) Spells: 5/5 levels left

rFire    . . .     SeeInvis .   a - +0 flail
rCold    . . .     Gourm    .   c - +0 shield
rNeg     + + +     Faith    .   (armour currently unavailable)
rPois    ∞         Spirit   .   (helmet currently unavailable)
rElec    .         Reflect  .   (cloak currently unavailable)
rCorr    .         Harm     .   (gloves currently unavailable)
MR       .....     NoTele   +   (boots currently unavailable)
Stlth    +.........             (no amulet)
HPRegen  0.19/turn              (no ring)
MPRegen  0.10/turn              (no ring)

@: mighty, tree-form
A: negative energy resistance 1, petrification resistance, rot immunity, AC +4
a: no special abilities


You were on level 3 of the Dungeon.
You were not hungry.
You were a tree.
You visited 1 branch of the dungeon, and saw 3 of its levels.

You collected 134 gold pieces.

Inventory:

Hand Weapons
 a - a +0 flail (weapon)
Armour
 b - a +0 scale mail (melded)
 c - a +0 shield (worn)
 q - a +0 chain mail
Jewellery
 g - an uncursed amulet of magic regeneration {unknown}
 t - an uncursed ring of resist corrosion {unknown}
Scrolls
 e - a scroll of remove curse
 h - a scroll of magic mapping {unknown}
 i - a scroll of amnesia {unknown}
 j - a scroll of teleportation {unknown}
 k - 4 scrolls of identify {unknown}
 l - a scroll of fog {unknown}
 o - a scroll of fear {unknown}
 r - a scroll of immolation {unknown}
 u - a scroll of enchant weapon {unknown}
Comestibles
 f - 5 rations


   Skills:
 + Level 4.1 Fighting
 * Level 3.9 Maces & Flails
 + Level 4.2 Armour
 + Level 1.6 Dodging
 + Level 4.1 Shields


You had 5 spell levels left.
You didn't know any spells.
Your spell library was empty.

Dungeon Overview and Level Annotations

Branches:
Dungeon (3/15)

Altars:


Innate Abilities, Weirdness & Mutations

You are resistant to torment.
((Your stone body is resilient. (AC +4)))
You are immune to poison.
You resist negative energy. (rN+)
((You are resistant to electric shocks. (rElec)))
((You can survive without breathing.))
You are immune to petrification.
You are immune to rotting.


Message History

You closely miss the gnoll shaman.
The gnoll shaman is almost dead.
You block the gnoll's attack.
The gnoll sergeant hits you but does no damage.
The gnoll shaman hits you but does no damage.
The gnoll hits you but does no damage.
The gnoll shaman calls upon its god to heal the gnoll shaman.
The gnoll shaman's wounds heal themselves!
You block the gnoll's attack.
The gnoll sergeant hits you from afar with a +0 spear.
* * * LOW HITPOINT WARNING * * *
The gnoll hits you but does no damage. The gnoll shaman barely misses you.
The gnoll shaman hits you with a +0 whip.
* * * LOW HITPOINT WARNING * * *
The gnoll hits you but does no damage.
You aren't carrying any potions.
As you read the scroll labeled NOFON NUOGHOI, it crumbles to dust.
You feel blessed for a moment.
It was a scroll of remove curse.
The gnoll hits you.
You die...

≈≈≈≈≈≈....≈≈≈≈≈≈≈≈≈
≈≈≈≈≈≈...)≈≈≈≈≈≈≈≈≈
...................
######''''#########
#....#.......#
#....#.......#
+....))....^.#
############'#
#..gg♣).#
≈....gggg)#
≈.........#
..#......... .
########... ...
....# ### #####


You could see a gnoll sergeant, 2 gnoll shamans and 3 gnolls.

Vanquished Creatures
  Terence (D:2)
  Jessica (D:3)
  An orc wizard (D:3)
  10 gnolls (D:3)
  An adder (D:3)
  A worm (D:3)
  2 dart slugs
  2 leopard geckos
  3 orcs (D:3)
  5 bats
  4 giant cockroaches
  6 goblins
  6 hobgoblins
  4 jackals (D:3)
  6 kobolds
  4 rats (D:2)
57 creatures vanquished.

Notes
Turn   | Place    | Note
-------+----------+-------------------------------------------
     0 | D:1      | Freyura the Gargoyle Fighter began the quest for the Orb.
     0 | D:1      | Reached XP level 1. HP: 14/14 MP: 1/1
   135 | D:1      | Reached XP level 2. HP: 15/19 MP: 2/2
   752 | D:2      | Reached XP level 3. HP: 21/23 MP: 3/3
   920 | D:2      | Noticed Terence
   935 | D:2      | Killed Terence
   938 | D:2      | Reached XP level 4. HP: 29/29 MP: 4/4
  1572 | D:3      | Reached skill level 1 in Dodging
  1678 | D:3      | Found a faded altar of an unknown god.
  1800 | D:3      | Reached XP level 5. HP: 32/33 MP: 5/5
  1840 | D:3      | Noticed Jessica
  1851 | D:3      | Killed Jessica
  2018 | D:3      | Reached XP level 6. HP: 35/38 MP: 6/6
  2035 | D:3      | Gained mutation: You are clumsy. (Dex -2) [potion of
                  | mutation]
  2035 | D:3      | Lost mutation: You are clumsy. (Dex -2) [potion of
                  | mutation]
  2037 | D:3      | HP: 2/57 [gnoll shaman/+0 whip (1)]
  2038 | D:3      | Slain by a gnoll

Skill      XL: |  1  2  3  4  5 |
---------------+----------------+-----
Dodging        | 1 |  1.6
Maces & Flails | 3 |  3.9
Armour         | 4 |  4.2
Fighting       | 4 |  4.1
Shields        | 4 |  4.1

Action                   |  1- 3 |  4- 6 || total
-------------------------+-------+-------++-------
Melee: Flail             |    97 |   134 ||   231
  Use: Potion            |       |     4 ||     4
       Scroll            |       |     1 ||     1
  Eat: Chunk             |       |     4 ||     4
Armor: Scale mail        |    40 |    75 ||   115
       Skin              |       |    12 ||    12
Dodge: Dodged            |    25 |    38 ||    63
Block: Shield            |    51 |    81 ||   132
